 Dungeon Crawl Stone Soup version 0.30.1-11-g7821555f0a (webtiles) character file.

Game seed: 12663851213310445993

8601 Firecrotchwizard the Martial Artist (level 11, -3/62 HPs)
             Began as a Vine Stalker Monk on Aug 20, 2023.
             Was a Priest of Wu Jian.
             Slain by a blink frog (11 damage)
             ... on level 1 of the Lair of Beasts on Nov 3, 2023.
             The game lasted 00:23:53 (7902 turns).

Firecrotchwizard the Martial Artist (VSMo)          Turns: 7902, Time: 00:23:54

Health: -3/62      AC:  9    Str: 17    XL:     11   Next: 33%
Magic:  0/12       EV: 12    Int: 10    God:    Wu Jian [***...]
Gold:   1721       SH:  0    Dex: 18    Spells: 10/10 levels left

rFire   . .          .
                       - Unarmed
rCold   . . .        c - orb {light}
rNeg    . . .        w - +0 acid dragon scales
rPois   .            (no helmet)
rElec   .            (no cloak)
rCorr   +            (no gloves)
SInv    .            m - +2 pair of boots
Will    +....        (no amulet)
Stlth   +            (no ring)
HPRegen 1.10/turn    (no ring)
MPRegen 0.13/turn

%: guardian spirit
@: glowing
A: fangs 3, regeneration 1, magic shield, antimagic bite, no potion heal 2
a: Renounce Religion, Wall Jump, Serpent's Lash


You were on level 1 of the Lair of Beasts.
You worshipped Wu Jian.
Wu Jian was most pleased with you.
You visited 2 branches of the dungeon, and saw 11 of its levels.

You collected 1721 gold pieces.

Inventory:

Missiles
 y - 2 curare-tipped darts (quivered)
Armour
 a - a +0 robe
 c - an orb of light (worn)
 e - a +0 scale mail
 m - a +2 pair of boots (worn)
 w - +0 acid dragon scales (worn)
 E - a +0 plate armour
Jewellery
 n - a ring of fire
Wands
 j - a wand of roots (25)
 z - a wand of flame (11)
Scrolls
 f - 2 scrolls of fog
 g - 6 scrolls of blinking
 h - a scroll of noise
 i - 2 scrolls of identify
 k - 2 scrolls of amnesia
 l - 3 scrolls of immolation
 p - a scroll of enchant armour
 q - 3 scrolls of poison
 t - 4 scrolls of teleportation
 u - 2 scrolls of silence
 v - 2 scrolls of butterflies
 A - a scroll of fear
Potions
 b - 2 potions of ambrosia
 d - 6 potions of curing
 o - a potion of resistance
 r - 2 potions of lignification
 s - 3 potions of flight
 x - 5 potions of brilliance
 B - a potion of might
 C - a potion of attraction
 D - a potion of magic {unknown}


   Skills:
 + Level 9.3 Fighting
 - Level 4.0 Throwing
 - Level 2.4 Dodging
 * Level 13.9 Unarmed Combat


You had 10 spell levels left.
You didn't know any spells.
Your spell library contained the following spells:

 Spells                   Type           Power      Damage    Failure   Level
 Sandblast                Erth           0%         2d4       45%         1
 Shock                    Conj/Air       0%         1d3       45%         1
 Passwall                 Tmut/Erth      0%         N/A       61%         2
 Call Canine Familiar     Summ           0%         N/A       83%         3
 Portal Projectile        Hex/Tloc       0%         N/A       83%         3
 Stone Arrow              Conj/Erth      0%         3d7       83%         3
 Swiftness                Air            0%         N/A       83%         3
 Airstrike                Air            0%         2d(0-16)  99%         4
 Leda's Liquefaction      Hex/Erth       0%         N/A       99%         4
 Summon Lightning Spire   Summ/Air       0%         N/A       99%         4
 Storm Form               Tmut/Air       0%         N/A       100%        7
 Maxwell's Capacitive Co  Air            0%         ∞         100%        8


Dungeon Overview and Level Annotations

Branches:
Dungeon (10/15)            Temple (0/1) D:7            Lair (1/5) D:8
    Orc (0/2) D:10

Altars:
Elyvilon
Gozag
Okawaru
Ru
Sif Muna
Trog
Wu Jian
Yredelemnul
Zin
The Shining One

Annotations:
D:5 1 runed translucent door, leafyfresh's ghost, novice MfTm
D:6 2 transporters, middlethird's ghost, novice VSEE


Innate Abilities, Weirdness & Mutations

You have razor-sharp teeth.
Your natural rate of healing is unusually fast.
When hurt, damage is shared between your health and your magic reserves.
Your bite disrupts and absorbs the magic of your enemies.
Potions cannot restore your health.


Message History

Found a runed hand axe.
You lunge at the blink frog.
You completely miss the blink frog. You bite the blink frog!
The blink frog's magic leaks into the air.
You drain its magic.
You feel invigorated.
The blink frog is heavily wounded.
You spin and attack the blink frog.
You hit the blink frog. You bite the blink frog.
The blink frog's magic leaks into the air.
You drain its magic.
You feel invigorated.
The blink frog is moderately wounded.
The blink frog hits you!
* * * LOW HITPOINT WARNING * * *
The blink frog blinks!
The blink frog closely misses you.
You spin and attack the blink frog.
You barely miss the blink frog.
The blink frog is heavily wounded.
You spin and attack the blink frog.
You punch the blink frog!
The blink frog is heavily wounded.
The blink frog blinks!
The blink frog misses you.
The blink frog blinks!
The blink frog falters for a moment.
The blink frog closely misses you. The blink frog barely misses you.
You spin and attack the blink frog.
You punch the blink frog! You bite the blink frog.
The blink frog's magic leaks into the air.
You drain its magic.
You feel invigorated.
The blink frog is severely wounded.
The blink frog misses you.
You spin and attack the blink frog.
You closely miss the blink frog.
The blink frog is heavily wounded.
You spin and attack the blink frog.
You punch the blink frog!
The blink frog is almost dead.
You spin and attack the blink frog.
You punch the blink frog!
The blink frog is severely wounded.
The blink frog hits you but does no damage.
The blink frog hits you!
* * * LOW HITPOINT WARNING * * *
The blink frog misses you. The blink frog hits you.
* * * LOW HITPOINT WARNING * * *
The blink frog closely misses you. The blink frog misses you.
Unknown command.
You spin and attack the blink frog.
You punch the blink frog!
The blink frog is severely wounded.
You spin and attack the blink frog.
You hit the blink frog.
The blink frog is almost dead.
You spin and attack the blink frog repeatedly.
You barely miss the blink frog.
The blink frog is severely wounded.
You hit the blink frog.
The blink frog is almost dead.
The blink frog falters for a moment.
The blink frog barely misses you.
The blink frog hits you but does no damage.
The blink frog falters for a moment.
You spin and attack the blink frog repeatedly.
You hit the blink frog.
The blink frog is severely wounded.
You pummel the blink frog!!
You kill the blink frog!
The Council accepts your kill.
You spin and attack the blink frog.
You hit the blink frog.
You kill the blink frog!
The Council accepts your kill.
You spin and attack the blink frog.
You hit the blink frog but do no damage.
The blink frog is almost dead.
The blink frog falters for a moment.
The blink frog hits you!
* * * LOW MAGIC WARNING * * *
* * * LOW HITPOINT WARNING * * *
The blink frog blinks!
You hit the blink frog. You bite the blink frog.
The blink frog's magic leaks into the air.
You drain its magic.
You feel invigorated.
The blink frog is severely wounded.
The blink frog hits you!
* * * LOW MAGIC WARNING * * *
* * * LOW HITPOINT WARNING * * *
The blink frog falters for a moment.
You closely miss the blink frog. Your bite misses the blink frog.
The blink frog is severely wounded.
The blink frog hits you but does no damage.
The blink frog falters for a moment.
You barely miss the blink frog. Your bite misses the blink frog.
The blink frog is severely wounded.
The blink frog hits you!
* * * LOW MAGIC WARNING * * *
* * * LOW HITPOINT WARNING * * *
You hit the blink frog. You bite the blink frog.
You kill the blink frog!
The Council accepts your kill.
The blink frog hits you but does no damage.
You pummel the blink frog!!
You kill the blink frog!
The Council accepts your kill.
You punch the blink frog!
The blink frog is heavily wounded.
The blink frog hits you.
* * * LOW HITPOINT WARNING * * *
You hit the blink frog.
The blink frog is heavily wounded.
The blink frog hits you!
* * * LOW MAGIC WARNING * * *
You die...

### ####
##########.#####.P# #
#....@...........# #
#.>..F...........#####
#................##P.#
#.....####P###...........
#....# ### ##..........
#.... #...P...... ..##
#####P....# ) ##....#
#....#


You could see a blink frog.

Vanquished Creatures
  2 two-headed ogres (D:9)
  Maggie (D:6)
  An unseen horror (D:8)
  A troll (D:9)
  4 blink frogs (Lair:1)
  8 yaks
  2 wyverns (D:9)
  3 steam dragons
  4 vampire mosquitoes (D:9)
  An orc warrior (D:9)
  3 water moccasins
  2 ice beasts
  2 sky beasts (D:7)
  A black bear (D:6)
  2 phantoms
  2 ogres (D:5)
  2 centaurs (D:9)
  6 bullfrogs
  2 kobold brigands (D:9)
  6 scorpions
  6 wights (D:8)
  3 killer bees
  5 howler monkeys
  3 hounds
  A jelly (D:5)
  5 orc priests
  A gnoll bouda (D:5)
  2 iguanas (D:7)
  3 sleepcaps
  2 orc wizards (D:9)
  5 gnolls
  10 adders
  2 shadow imps
  A white imp (D:6)
  An ufetubus (D:4)
  4 worms
  A dart slug (D:1)
  11 orcs
  9 ball pythons
  3 bats
  8 endoplasms
  2 giant cockroaches
  3 goblins
  4 hobgoblins
  7 quokkas
  9 frilled lizards
  12 kobolds
  6 rats
184 creatures vanquished.

Notes
Turn   | Place    | Note
-------+----------+-------------------------------------------
     0 | D:1      | Firecrotchwizard the Vine Stalker Monk began the quest for
                  | the Orb.
     0 | D:1      | Reached XP level 1. HP: 11/11 MP: 2/2
   142 | D:1      | Found a faded altar of an unknown god.
   209 | D:1      | Reached XP level 2. HP: 16/16 MP: 3/3
   379 | D:1      | Reached XP level 3. HP: 20/20 MP: 4/4
   807 | D:2      | Reached skill level 4 in Unarmed Combat
  1602 | D:3      | Gained mutation: Your natural rate of healing is unusually
                  | fast. [Vine Stalker growth]
  1602 | D:3      | Reached XP level 4. HP: 24/24 MP: 3/5
  2414 | D:4      | Reached XP level 5. HP: 28/28 MP: 6/6
  2444 | D:4      | Reached skill level 5 in Unarmed Combat
  2493 | D:4      | Noticed a phantom
  2515 | D:4      | Killed a phantom
  2516 | D:4      | Reached XP level 6. HP: 20/33 MP: 4/7
  2777 | D:4      | Reached skill level 6 in Unarmed Combat
  3083 | D:5      | Entered Level 5 of the Dungeon
  3178 | D:5      | Reached XP level 7. HP: 23/38 MP: 6/8
  3391 | D:5      | Found a runed translucent door.
  3424 | D:5      | Noticed leafyfresh's ghost (novice MfTm)
  3501 | D:5      | Reached skill level 7 in Unarmed Combat
  3531 | D:5      | Upgraded the game from 0.30.1-4-g462c640d31 to
                  | 0.30.1-11-g7821555f0a
  3634 | D:5      | Reached skill level 5 in Fighting
  4138 | D:6      | Noticed a yak
  4138 | D:6      | Noticed a yak
  4138 | D:6      | Noticed a yak
  4138 | D:6      | Noticed a yak
  4138 | D:6      | Noticed a yak
  4234 | D:6      | Gained mutation: You have razor-sharp teeth. [Vine Stalker
                  | growth]
  4234 | D:6      | Reached XP level 8. HP: 41/43 MP: 9/9
  4272 | D:6      | Reached skill level 8 in Unarmed Combat
  4395 | D:5      | Killed a yak
  4417 | D:6      | Identified a scroll of acquirement
  4417 | D:6      | Acquired 1185 gold pieces
  4490 | D:6      | Found a shimmering blue altar of Sif Muna.
  4556 | D:6      | Reached skill level 9 in Unarmed Combat
  4631 | D:6      | Reached XP level 9. HP: 45/49 MP: 8/10
  4642 | D:6      | Noticed a two-headed ogre
  4649 | D:6      | Noticed middlethird's ghost (novice VSEE)
  4653 | D:6      | Found a transporter.
  4708 | D:6      | Found a transporter.
  4746 | D:6      | Noticed a moth of wrath
  4749 | D:6      | Found a bloodstained altar of Trog.
  4990 | D:6      | Identified the +2 flail "Ruomam" {freeze, rElec Dex+3}
  5064 | D:6      | Reached skill level 10 in Unarmed Combat
  5248 | D:7      | Noticed Maggie
  5338 | D:6      | Killed Maggie
  5339 | D:6      | Reached skill level 11 in Unarmed Combat
  5365 | D:7      | Found a sacrificial altar of Ru.
  5366 | D:7      | Found an ornate altar of the Wu Jian Council.
  5366 | D:7      | Found a white marble altar of Elyvilon.
  5367 | D:7      | Found an iron altar of Okawaru.
  5376 | D:7      | Became a worshipper of the Wu Jian Council
  5376 | D:7      | Reached * piety under Wu Jian
  5376 | D:7      | Reached ** piety under Wu Jian
  5535 | D:7      | Found a staircase to the Ecumenical Temple.
  5604 | D:7      | Found a basalt altar of Yredelemnul.
  5621 | D:7      | Reached XP level 10. HP: 44/56 MP: 11/11
  5657 | D:7      | Found an opulent altar of Gozag.
  5852 | D:8      | Reached skill level 1 in Throwing
  5890 | D:8      | Found a glowing golden altar of the Shining One.
  5894 | D:8      | Reached skill level 12 in Unarmed Combat
  5937 | D:8      | Found a staircase to the Lair.
  6011 | D:8      | Found a glowing silver altar of Zin.
  6461 | D:8      | Noticed an unseen horror
  6464 | D:8      | Killed an unseen horror
  6645 | D:9      | Noticed a two-headed ogre
  6653 | D:9      | Killed a two-headed ogre
  6885 | D:9      | Reached skill level 13 in Unarmed Combat
  6892 | D:9      | Reached *** piety under Wu Jian
  6965 | D:9      | Noticed a two-headed ogre
  6975 | D:9      | Killed a two-headed ogre
  6976 | D:9      | Reached XP level 11. HP: 37/60 MP: 9/12
  7650 | D:10     | Entered Level 10 of the Dungeon
  7650 | D:10     | Noticed a two-headed ogre
  7650 | D:10     | Found a staircase to the Orcish Mines.
  7693 | Lair:1   | Entered Level 1 of the Lair of Beasts
  7902 | Lair:1   | Slain by a blink frog

Illustrated notes

Levels and vault maps discovered:
D:1:      erik_arrival_orb_chamber, layout_basic, ebering_ecumenical_altar_box,
          palyth_stone_intersect
D:2:      layout_loops_ring
D:3:      layout_loops_ring, saegor_snake_ambush
D:4:      cheibrodos_old_hovel, layout_basic, serial_bayou, serial_bayou_pond_b,
          serial_bayou_pond_b, serial_bayou_pond_e, serial_bayou_shore_a
D:5:      layout_gridville, ebering_ghost_inner_flame
D:6:      layout_basic, tgw_trog, mainiacjoe_overflow_paths,
          gammafunk_ghost_arena
D:7:      layout_gridville, mainiacjoe_overflow_catwalk,
          mainiacjoe_overflow_24_doors,
          chequers_temple_overflow_statue_of_worship, minmay_temple_entry_tees,
          uniq_maggie
D:8:      layout_basic, zin_treasury, lemuel_tele_altar
D:9:      layout_gridville
D:10:     layout_basic, kennysheep_slug_shrine, david_orc_3
Lair:1:   layout_cellular_growth, special_room [special_room_bee],
          grunt_forest_stairs_basic

Skill      XL: |  1  2  3  4  5  6  7  8  9 10 11 |
---------------+----------------------------------+-----
Fighting       | 3 4 5 6 7 8 9 |  9.3
Unarmed Combat | 4 5 6 7 9 11 13 | 13.9
Throwing       | 4 |  4.0
Dodging        | |  2.4

Action                     |  1- 3 |  4- 6 |  7- 9 | 10-12 || total
---------------------------+-------+-------+-------+-------++-------
  Melee: Unarmed           |    76 |   138 |   233 |   198 ||   645
         Bite              |    20 |    35 |   104 |    69 ||   228
  Throw: Dart              |       |       |       |     2 ||     2
Ability: Lunge             |       |       |     3 |    18 ||    21
         Whirlwind         |       |       |       |    27 ||    27
    Use: Scroll            |       |       |    16 |     3 ||    19
 Armour: Scale mail        |    22 |    55 |    58 |       ||   135
         Acid dragon scale |       |       |     8 |    43 ||    51
  Dodge: Dodged            |    41 |    68 |    95 |    90 ||   294
